TKirby, chaotic female elven Wizard -------------- |............| |.>..........| | |............| |. |............| . |............| ---.---------- # # B@# ### # # ### -.---- # |.....##################### |....| # # ---------- |.....## ### |.(......| |.#..| # |........| ------ ###|........| #-........| ---------- TKirby the Evoker Experience level: 2 Strength: 12 Dexterity: 16 Constitution: 16 Intelligence: 17 Wisdom: 9 Charisma: 8 Health: 0(19) Energy: 16(16) Def: 1 Gold: 96 Moves: 1639 Dungeon seed: pihjfzr7vTslAqHk Game ID: TKirby_1506099382 Your Inventory: Coins $ - 96 gold pieces Amulets q - a cursed amulet of change Weapons a - a blessed +1 quarterstaff (weapon in hands) Armor e - an uncursed +0 cloak of magic resistance (being worn) r - an uncursed +0 pair of low boots Scrolls i - an uncursed scroll of confuse monster j - an uncursed scroll of remove curse k - an uncursed scroll of identify v - an uncursed scroll of punishment w - a cursed scroll of enchant weapon Spellbooks l - a blessed spellbook of force bolt m - a blessed spellbook of charm monster Potions f - an uncursed potion of extra healing h - 2 uncursed potions of water s - an uncursed potion of water x - an uncursed potion of paralysis z - an uncursed potion of acid Rings c - an uncursed +1 ring of adornment d - an uncursed ring of polymorph Wands b - a wand of slow monster (0:8) Tools n - a magic marker (0:41) o - an uncursed blindfold p - an uncursed tooled horn t - a bag of tricks (0:9) Gems y - 2 uncursed worthless pieces of red glass Spells and supernatural/magical abilities: Name Level Category Fail Memory a - force bolt 1 attack 0% 92% e - charm monster 3 enchantment 51% 92% W - pray for help -- divine ? -- Your skills at the end: Fighting Skills Weapon Skills quarterstaff [Basic] Spellcasting Skills attack spells [Basic] enchantment spells [Basic] Final Attributes: You were piously aligned. You were magic-protected. You had infravision. You are dead. Vanquished creatures: a water nymph a red mold a gnome zombie a gecko 10 jackals a kobold 3 sewer rats 6 grid bugs a lichen a kobold zombie 3 newts 29 creatures vanquished. Voluntary challenges: You followed a strict vegan diet. You used a wielded weapon 23 times, starting on turn 64. You were illiterate. You never genocided any monsters. You never polymorphed an object. You never changed form. You used no wishes. You never split a pudding. You never wrote Elbereth's name. You never violated your personal moral code. Dungeon overview: The Dungeons of Doom: levels 1 to 4 Level 1 some fountains a long staircase Level 2 some fountains Level 3 a fountain a long staircase Level 4 <- You were here a sink History has recorded: On T:1 you entered the Dungeons of Doom to retrieve the Amulet of Yendor! On T:920 you reached level 2 of The Dungeons of Doom. On T:932 you advanced to experience level 2. On T:1486 you reached level 3 of The Dungeons of Doom. On T:1524 you reached level 4 of The Dungeons of Doom. Score breakdown: Gold: 96 ( 6758 points) Experience: 2 levels ( 5570 points) Exploration: 4 levels ( 8.51%) ( 7661 points) Discoveries: 1 item ( 0.36%) ( 1805 points) Valuables value: (no points given unless you survive) Artifact value: 0 ( 0 points) Variety of kills: 11 monsters ( 2.89%) ( 5097 points) Turncount: 1639 turns ( 0 points) Survival: died (score multiplied by 80%) Total score: 21512 Latest messages: You must have been working on your reflexes. You stop exploring. A trap door opens up under you! You see here a large box. Hmmm, it seems to be locked. You see here a red gem. $ - 82 gold pieces. You see here a red gem. y - a red gem. You see here a large box. The door resists! The door opens. z - a cloudy potion. You see here a red gem. (2x) y - a red gem. You stop exploring. The giant bat bites! (2x) You hit the giant bat. The giant bat bites! (2x) You miss the giant bat. The giant bat bites! (2x) You hit the giant bat! The giant bat bites! You die... Final status: Goodbye TKirby the Wizard, killed by a giant bat... You died in The Dungeons of Doom on dungeon level 4 with 21512 points, and 96 pieces of gold, after 1639 moves. You were level 2 with a maximum of 19 hit points when you died.